Cogmind - Beta 16 @@@ ROGUE MODE // 2025.11.03 @ 18:50:14 Player: r@sin Result: Destroyed by GD-FIE(R) with Subdweller Beam Cannon Performance ------------- Evolutions (0) 0 Regions Visited (3) 600 Robots Destroyed (12) 60 Value Destroyed (289) 289 Prototype IDs (0) 0 Alien Tech Used (0) 0 Bonus (0) 0 TOTAL SCORE: 949 Bonus ------- None Cogmind --------- Core Integrity 0/250 Matter 300/300 Energy 125/125 System Corruption 0% Temperature Cool (9) Movement Walking (120) Location -10/Subcaves Parts ------- > --- POWER (1) -------- Light Ion Engine > --- PROPULSION (2) --- Aluminum Leg Aluminum Leg > --- UTILITY (2) ------ Small Storage Unit Subdweller Optics > --- WEAPON (2) ------- Light Assault Rifle > --- INVENTORY (8) ---- Disposable Heat Sink Large Storage Unit High-capacity Storage Unit Seismic Detector Medium Laser Scrap Shield Fragment (45) Peak State ------------ > --- POWER ------------ Light Ion Engine > --- PROPULSION ------- Aluminum Leg Aluminum Leg > --- UTILITY ---------- Small Storage Unit Subdweller Optics > --- WEAPON ----------- Particle Gun Light Assault Rifle > --- INVENTORY -------- Light Treads Disposable Heat Sink Large Storage Unit High-capacity Storage Unit Seismic Detector Medium Laser [Rating: 9] Favorites ----------- Power Light Ion Engine Engine Light Ion Engine Propulsion Light Treads Treads Light Treads Leg Aluminum Leg Utility Large Storage Unit Device Seismic Detector Storage Large Storage Unit Processor Signal Interpreter Weapon Light Assault Rifle Energy Gun Particle Gun Ballistic Gun Light Assault Rifle Build | -11 -10 -10 -10 ------- Run | Yrd Mat Min Sub Slots Evolved . | . . . . Power . | . . . . Propulsion . | . . . . Utility . | . . . . Weapon . | . . . . Parts Attached 15 | 6 4 1 4 Power 3 | 1 . 1 1 Engine 3 | 1 . 1 1 Core . | . . . . Reactor . | . . . . Propulsion 4 | 2 . . 2 Treads 2 | 2 . . . Leg 2 | . . . 2 Wheel . | . . . . Hover . | . . . . Flight . | . . . . Utility 5 | 1 3 . 1 Device 2 | . 1 . 1 Storage 2 | 1 1 . . Processor 1 | . 1 . . Hackware . | . . . . Protection . | . . . . Artifact . | . . . . Weapon 3 | 2 1 . . Energy Gun 1 | . 1 . . Energy Cannon . | . . . . Ballistic Gun 2 | 2 . . . Ballistic Cannon . | . . . . Launcher . | . . . . Special Weapon . | . . . . Impact Weapon . | . . . . Slashing Weapon . | . . . . Piercing Weapon . | . . . . Special Melee Weapon . | . . . . Unidentified Prototypes . | . . . . Parts Lost 3 | . . . 3 Power 1 | . . . 1 Propulsion 1 | . . . 1 Utility . | . . . . Weapon 1 | . . . 1 Highest Loss Streak 2 | . . . 2 To Critical Strikes . | . . . . Average Backups 7 | 2 5 7 7 Power . | . 1 1 . Propulsion 1 | 1 2 2 1 Utility 2 | . 1 3 3 Weapon 1 | . 1 1 1 Tool/Special . | . . . . Unused Backups 5 | . . . 5 Power . | . . . . Propulsion . | . . . . Utility 3 | . . . 3 Weapon 2 | . . . 2 Tool/Special . | . . . . Average Slot Usage (%) 98 | . 97 100 93 Engine 13 | . 14 14 13 Treads 25 | . 28 28 11 Leg 2 | . . . 16 Device 2 | . 10 . 7 Storage 14 | . 14 14 14 Processor 10 | . . 14 6 Energy Gun 11 | . 1 14 9 Ballistic Gun 15 | . 26 14 14 Peak Build Rating 9 | 6 8 8 9 Average Rating 7 | 4 6 8 7 On Entrance 5 | . 6 8 8 Avg Prop Armor Cover (%) . | . . . . Naked Turns . | . . . . Heaviest Build 28 | 11 28 27 27 Greatest Support 40 | 40 40 40 40 Greatest Overweight (x) 1 | 1 . . . Average Overweight (x) . | . . . . Largest Inventory Capacity 15 | 8 15 15 15 Average Capacity 14 | 7 14 15 10 Most Carried 10 | 4 7 10 9 Average Carried 7 | 2 5 7 7 Final Capacity 15 | 8 15 15 8 Final Carried 9 | 4 7 9 6 Class Distribution -------------------- 100% | Mutant Dominant Class ---------------- Mutant | -10/Materials Mutant | -10/Mines Mutant | -10/Subcaves Resources | -11 -10 -10 -10 ----------- Run | Yrd Mat Min Sub Matter Collected 439 | 197 136 31 75 Remotely . | . . . . Salvage Created 397 | . 173 83 141 Parts 24 | . 12 4 8 Haulers Intercepted . | . . . . Recyclers Shooed . | . . . . Parts Field Recycled . | . . . . Retrieved Matter . | . . . . Parts Self-Destructed 4 | . . . 4 Prevented . | . . . . Parts Restored . | . . . . Kills | -11 -10 -10 -10 ------- Run | Yrd Mat Min Sub Combat Hostiles Destroyed 12 | . 4 3 5 Guns 12 | . 4 3 5 Classes Destroyed 3 | . 1 1 1 Swarmer 6 | . . 3 3 Grunt 4 | . 4 . . Subdweller 2 | . . . 2 Best Kill Streak 3 | . 2 3 3 Combat Bots Only 3 | . 2 3 3 Max Kills in Single Turn 1 | . 1 1 1 Gunslinging . | . . . . Exploded . | . . . . Melee . | . . . . Uniques/NPCs Destroyed . | . . . . Combat | -11 -10 -10 -10 -------- Run | Yrd Mat Min Sub Hostile Shots Fired 99 | . 21 33 45 Missed 30 | . 7 7 16 Hits 69 | . 14 26 29 Projectile 69 | . 14 26 29 Critical Strikes 2 | . . 1 1 Damage Taken 824 | . 163 253 408 Core 259 | . 33 46 180 Absorbed by Shields . | . . . . Core Remaining (%) 100 | 100 . . . Volleys Fired 51 | . 13 11 27 Largest 2 | . 2 2 2 Hottest 85 | . 40 85 85 Shots Fired 89 | . 26 22 41 Gun 89 | . 26 22 41 Cannon . | . . . . Launcher . | . . . . Special . | . . . . Kinetic 64 | . 26 11 27 Thermal 25 | . . 11 14 Explosive . | . . . . Electromagnetic . | . . . . Robot Hit Streak 13 | . 13 4 7 Robot Miss Streak 6 | . 1 6 2 Penetration Max . | . . . . Secondary Targets 3 | . 2 1 . Max Gunslinging Chain 1 | . 1 1 . Shots Hit Robots 57 | . 20 9 28 Core Hits 24 | . 10 6 8 Critical Kills . | . . . . Critical Parts Destroyed . | . . . . Critical Strikes . | . . . . Melee Attacks . | . . . . Impact . | . . . . Slashing . | . . . . Piercing . | . . . . Sneak Attacks . | . . . . Combat Hostiles . | . . . . Follow-up Attacks . | . . . . Damage Inflicted 582 | . 180 122 280 Guns 561 | . 179 102 280 Cannons . | . . . . Explosions . | . . . . Melee . | . . . . Ramming 21 | . 1 20 . Kinetic 339 | . 179 39 121 Thermal 222 | . . 63 159 Explosive . | . . . . Electromagnetic . | . . . . Impact . | . . . . Slashing . | . . . . Piercing . | . . . . Highest Corruption . | . . . . Average Corruption . | . . . . Corruption Purged . | . . . . Corruption Blocked . | . . . . Overload Shots . | . . . . Overflow Damage . | . . . . Projectiles . | . . . . Explosions . | . . . . Melee . | . . . . Knockbacks . | . . . . Impact . | . . . . Kinetic . | . . . . Secondary . | . . . . Self-Inflicted Damage . | . . . . Shots . | . . . . Rammed 7 | . 2 5 . Targets Rammed 7 | . 2 5 . Kicked . | . . . . Crushed . | . . . . Highest Temperature 260 | . 9 260 13 Average Temperature 72 | . 6 132 5 Received Heat Transfer 231 | . 87 63 81 Siege Activations . | . . . . Martial Activations . | . . . . Shielding Activations . | . . . . Robots Disrupted . | . . . . Combat Hostiles . | . . . . Robots Corrupted . | . . . . Combat Hostiles . | . . . . Parts Fried . | . . . . Impact Corruptions . | . . . . Robots Melted . | . . . . Combat Hostiles . | . . . . Parts Melted 1 | . . 1 . Heat Transferred 555 | . . 148 407 Parts Sabotaged . | . . . . Parts Stolen . | . . . . Parts Stripped . | . . . . Power Chain Reactions . | . . . . Alert | -11 -10 -10 -10 ------- Run | Yrd Mat Min Sub Maximum Alert Level . | . . . . Low Security (%) 100 | 100 100 100 . Level 1 . | . . . . Level 2 . | . . . . Level 3 . | . . . . Level 4 . | . . . . Level 5 . | . . . . High Security . | . . . . Max Security . | . . . . Peak Influence 60 | . 60 58 . Initial 15 | . . 15 . Average 7 | . 14 6 . Influence Increases 250 | . 90 90 70 Destroy 0b10 Robot/C 200 | . 80 60 60 Destroy 0b10 Robot/NC 5 | . . 5 . Destroy Leader 30 | . 10 10 10 Lose Combat Pursuer 15 | . . 15 . Influence Decreases 220 | . 50 115 55 Entered New Map 33 | . . 25 8 Time Decay 187 | . 50 90 47 Squads Dispatched 1 | . 1 . . Investigation . | . . . . Extermination . | . . . . Reinforcement 1 | . 1 . . Assault . | . . . . Garrison . | . . . . Intercept . | . . . . Searches Triggered . | . . . . Construction Impeded . | . . . . Haulers Reinforced . | . . . . Active Scanning Responses . | . . . . Cargo Convoy Interrupts . | . . . . Stealth | -11 -10 -10 -10 --------- Run | Yrd Mat Min Sub Distress Signals 3 | . 2 1 . Communications Jammed . | . . . . Distress Signals . | . . . . Times Spotted 22 | . 10 5 7 Peak Tracking Total 5 | . 5 3 3 Tactical Retreats 1 | . . 1 . Traps | -11 -10 -10 -10 ------- Run | Yrd Mat Min Sub Traps Triggered . | . . . . Indirectly . | . . . . Trap Hack Attempts . | . . . . Triggered . | . . . . Disarmed . | . . . . Reprogrammed . | . . . . Reused . | . . . . Traps Extracted . | . . . . Installed . | . . . . Triggered . | . . . . Machines | -11 -10 -10 -10 ---------- Run | Yrd Mat Min Sub Machines Disabled . | . . . . Max in Single Turn . | . . . . Machines Repaired . | . . . . Machines Dismantled . | . . . . Machines Sabotaged . | . . . . Overloaded Fab Kills . | . . . . Hacking | -11 -10 -10 -10 --------- Run | Yrd Mat Min Sub Machines Accessed 1 | . 1 . . Terminals 1 | . 1 . . Fabricators . | . . . . Repair Stations . | . . . . Recycling Units . | . . . . Scanalyzers . | . . . . Garrison Access . | . . . . Total Hacks 3 | . 3 . . Successful . | . . . . Failed 3 | . 3 . . Catastrophic . | . . . . Database Lockouts . | . . . . Manual 3 | . 3 . . Terminals 3 | . 3 . . Fabricators . | . . . . Repair Stations . | . . . . Recycling Units . | . . . . Scanalyzers . | . . . . Garrison Access . | . . . . Terminal Hacks . | . . . . Fabricator Hacks . | . . . . Repair Station Hacks . | . . . . Recycling Unit Hacks . | . . . . Scanalyzer . | . . . . Garrison Access Hacks . | . . . . Unauthorized Hacks . | . . . . Terminals . | . . . . Fabricators . | . . . . Repair Stations . | . . . . Recycling Units . | . . . . Scanalyzers . | . . . . Garrison Access . | . . . . Data Cores Recovered . | . . . . Used . | . . . . Hacking Detections 1 | . 1 . . Full Trace Events . | . . . . Feedback Events . | . . . . Feedback Blocked . | . . . . Robot Schematics Acquired . | . . . . Robots Built . | . . . . Authchips . | . . . . Time . | . . . . Total Robot Build Rating . | . . . . Part Schematics Acquired . | . . . . Parts Built . | . . . . Authchips . | . . . . Time . | . . . . Total Part Build Rating . | . . . . Part Studies Acquired . | . . . . Parts Repaired . | . . . . Time . | . . . . Parts Recycled . | . . . . Recycled Matter . | . . . . Retrieved Matter . | . . . . Retrieved Components . | . . . . Parts Scanalyzed . | . . . . Part Schematics Acquired . | . . . . Parts Damaged . | . . . . Bothacking | -11 -10 -10 -10 ------------ Run | Yrd Mat Min Sub Used RIF Installer . | . . . . Robots Hacked . | . . . . Non-combat . | . . . . Combat . | . . . . Robot Hacks Applied . | . . . . Relay Couplers Released . | . . . . Fabnet Peak Effective % . | . . . . Robots Rewired . | . . . . Allies Hacked . | . . . . Hacks Repelled . | . . . . Allies | -11 -10 -10 -10 -------- Run | Yrd Mat Min Sub Total Allies 1 | . . 1 . Largest Group 1 | . . 1 . Highest-Rated Group 31 | . . 31 . Highest-Rated Ally 31 | . . 31 . Total Orders . | . . . . Ally Attacks . | . . . . Total Damage . | . . . . Kills . | . . . . Allies Corrupted . | . . . . Allies Melted . | . . . . Intel | -11 -10 -10 -10 ------- Run | Yrd Mat Min Sub Active Infowar (turns) 348 | . 201 . 147 Optics 147 | . . . 147 Seismic 201 | . 201 . . Robot Analysis Total . | . . . . Derelict Logs Recovered 2 | . . 2 . Drone Launches . | . . . . Drone Recoveries . | . . . . Exploration | -11 -10 -10 -10 ------------- Run | Yrd Mat Min Sub Turns Passed 1754 | 63 249 1166 276 Spaces Moved 991 | 34 124 681 152 Core 5 | 5 . . . Treads 877 | 29 124 681 43 Legs 109 | . . . 109 Wheels . | . . . . Hover . | . . . . Flight . | . . . . Fastest Speed 50 | 50 160 160 120 Average Speed 155 | 149 160 160 131 Slowest Speed 160 | 160 160 160 160 Overloaded Moves . | . . . . Propulsion Burnouts . | . . . . Robots Hopped . | . . . . Potential Cave-ins . | . . . . Cave-ins Triggered . | . . . . Exploration Rate (%) 34 | 3 29 89 15 Regions Visited 3 Branch Regions 2 Pre-discovered Areas 1 | . . 1 . Known Exits Taken 2 | . 1 1 . Unknown Exits Taken 1 | 1 . . . Scrap Searched 1 | . . 1 . Spaces Dug . | . . . . Terrain Destroyed . | . . . . Melee . | . . . . Projectile . | . . . . AOE . | . . . . Terrain Rammed . | . . . . Walls Destroyed . | . . . . Machines Disabled . | . . . . Actions | -11 -10 -10 -10 --------- Run | Yrd Mat Min Sub Total 1121 | 44 148 736 193 Wait 29 | . 3 25 1 Move 988 | 33 123 680 152 Hop . | . . . . Pick Up 14 | 5 3 4 2 Fast Attach 7 | 5 1 . 1 Attach 4 | 1 . 1 2 Detach 2 | . . 1 1 Swap 6 | . 3 . 3 Drop 6 | . . 2 4 Fire 51 | . 13 11 27 Melee . | . . . . Ram . | . . . . Kick . | . . . . Crush 7 | . 2 5 . Escape Stasis . | . . . . Rewire 7 | . . 7 . Trap . | . . . . Miscellaneous . | . . . . Route ------- -11/Scrapyard -10/Materials -10/Mines (discovered 3 exits: *Mat x2 / *Sub) -10/Subcaves History --------- Turn | Location | Event 16 | -11/Scrapyard | Discovered new exit (range 14) 64 | -11/Scrapyard | Entered Materials 285 | -10/Materials | Discovered new exit (range 16) 311 | -10/Materials | Identified exit to Mines 313 | -10/Materials | Entered Mines 323 | -10/Mines | Build established: Mutant 331 | -10/Mines | Met a Derelict bent on vengeance 510 | -10/Mines | Learned location of Zion (-7) 717 | -10/Mines | Discovered new exit (range 15) 731 | -10/Mines | Received a Mining Laser from a helpful Derelict 749 | -10/Mines | Identified exit to Materials 1060 | -10/Mines | Discovered new exit (range 9) 1071 | -10/Mines | Identified exit to Subcaves 1214 | -10/Mines | Discovered exit to Materials (range 3) 1479 | -10/Mines | Entered Subcaves 1670 | -10/Subcaves | Core integrity fell below 50% 1750 | -10/Subcaves | Core integrity fell below 20% 1755 | -10/Subcaves | Destroyed by GD-FIE(R) with Subdweller Beam Cannon Last Messages --------------- 01608_ Discarded Signal Interpreter. 01608_ Acquired Sub. Optics. [Achievement: Spot Them First] 01609_ Subatomizers dissect the Huge Storage Unit. 01611_ Acquired Scrap Shield Fragment. 01615_ Acquired 21 matter. 01670_ Particle Gun destroyed. 01676_ S-10 Pest destroyed. 01681_ Lgt. Assault Rifle fries itself beyond repair. 01693_ S-10 Pest destroyed. 01696_ Flight Unit fries itself beyond repair. 01696_ Acquired 11 matter. 01707_ Dropped Lgt. Treads. 01708_ Lgt. Assault Rifle fries itself beyond repair. 01724_ PI-E61(z): "She is not going to be happy we haven't found any suitable candidates yet." 01744_ Subatomizers dissect the Lgt. Treads. Map ----- +----------------------------------------------------+ | ???????????????????????????????????????## ??# #?? | | ???????????????????????????????????????# ??# #?? | | ???????????????????????????????????????# ?## #?? | | ???????????????????????????????????????## ## ##?? | | ???????????????????????????????????????# #??# | | ???????????????????????????????????????## ## # | | ????????????????????????????????????????# # | | ????????????????????????????????????????## ## | | ???????????????????????????????????????### ## | | ?????????????# ? ????????????????????### ### | | ?????????????? ?? ????????????????## ### | | ??????????????? ?? "#??????????????## ## | | ?????????????? ?? "#######???????# # #### | | ??????????????? ??" ""??????## ##### | | ???????????????? ??? ??????# ## ## | | ?????????????????" ??? ??????# %% #### | | ?????????????????# ??? #????### ###??# | | ??????????????#### ????# #????# = ##???? | | ???????????? ## " ???# ###### ###?? | | ???????????? ""R ?## R ; #?? | | ????????????? "" ## #? | | ????????????????# O ### #? | | ????????????????### #### ###?## #? | | ?????????????????## ##??# ###????# #? | | ???????????????### #???####??????# ##? | | ???????????????# = @###????????????? #?? | | ???????????????# ###??????????????? #?? | | ???????????????## ??????????????????? ##?? | | ????????????????## ????????????????????# ##??? | | ?????????????????## ??????????????????????###??? | | ??????????????????##?????????????????????????????? | | ?????????????????????????????????????????????????? | | ?????????????????????????????????????????????????? | | ?????????????????????????????????????????????????? | | ?????????????????????????????????????????????????? | | ?????????????????????????????????????????????????? | | ?????????????????????????????????????????????????? | | ?????????????????????????????????????????????????? | | ?????????????????????????????????????????????????? | | ?????????????????????????????????????????????????? | | ?????????????????????????????????????????????????? | | ?????????????????????????????????????????????????? | | ?????????????????????????????????????????????????? | | ?????????????????????????????????????????????????? | | ?????????????????????????????????????????????????? | | ?????????????????????????????????????????????????? | | | | | | | | | +----------------------------------------------------+ Best States ------------- Heat Dissipation 25 Energy Generation 10 Energy Capacity 125 Matter Stores 300 Matter Capacity 300 Sight Range 21 Terrain Scan Density 10 Evasion (%) 55 Recoil Reduction 2 Item Schematics ----------------- None Robot Schematics ------------------ None Fabricated ------------ Nothing Repaired ---------- Nothing Studied --------- None Alien Tech Used ----------------- None Achievements -------------- Spot Them First Challenges ------------ None Game ------ Seed ExplosiveArmageddonMace Manual? 0 Play Time 00:13:35 Cumulative 98.5 hours Start 2025.11.03 @ 18:39:40 End 2025.11.03 @ 18:50:14 Sessions 1 Manual Loads 0 Difficulty Rogue Special Mode None Game No. 52 Rogue 31 Adventurer 9 Explorer 12 Win Type - Total 14 Types 11/0/2/1/0/0/0/0/0/0 Lore% 45 Gallery% 50 Achievement% 37 Wizard Run 0 Options --------- Layout 1 ASCII 0 Keyboard 1 Movement Vi Keybinds 0 Fullscreen 1 Font 24/Smallcaps Map View 50x35 Zoom Use 0% Tactical HUD 1 Map Filters NONE Filters NONE Steam 1 RUN: 13600803-11e0-4744-a376-870fb6e95fc2